 Dungeon Crawl Stone Soup version 0.29.1-15-g9cfb28693d (webtiles) character file.

Game seed: 7881676931814234538

1 Mune the Magician (level 1, 14/15 HPs)
             Began as a Djinni Venom Mage on Mar 13, 2023.
             Got out of the dungeon alive.
             The game lasted 00:00:20 (43 turns).

Mune the Magician (Djinni Venom Mage)                 Turns: 43, Time: 00:00:20

Health: 14/15      AC:  2    Str:  7    XL:     1   Next: 22%
Gold:   0          EV: 12    Int: 16    God:
                   SH:  0    Dex: 13

rFire   + + .      SeeInvis .   (no weapon)
rCold   x . .      Faith    .   (no shield)
rNeg    . . .      Spirit   .   a - +0 robe
rPois   ∞          Reflect  .   (no helmet)
rElec   .          Harm     .   (no cloak)
rCorr   .          Rampage  .   (no gloves)
Will    .....                   (boots unavailable)
Stlth   ++........              (no amulet)
HPRegen 0.05/turn               (no ring)
MPRegen 0.00/turn               (no ring)

@: flying
A: sickness immunity, fire resistance 2, cold vulnerability 1, float, innate
caster, HP casting, extra vitality 1
a: no special abilities


You escaped.
You visited 1 branch of the dungeon, and saw 1 of its levels.

Inventory:

Armour
 a - a +0 robe (worn)
Potions
 b - a potion of mutation {unknown}


   Skills:
 + Level 2.2 Dodging
 + Level 1.6 Stealth
 + Level 2.4 Spellcasting


You couldn't memorise any spells.
You knew the following spells:

 Your Spells              Type           Power      Damage    Failure   Level
a - Sting                 Tmut/Pois      36%        1d4       8%          1
b - Poisonous Vapours     Pois/Air       18%        N/A       11%         2
c - Mephitic Cloud        Conj/Pois/Air  9%         N/A       22%         3
d - Olgreb's Toxic Radia  Pois           9%         N/A       58%         4
Your spell library was empty.

Dungeon Overview and Level Annotations

Branches:
Dungeon (1/15)

Altars:


Innate Abilities, Weirdness & Mutations

You are immune to sickness and miasma.
You are immune to poison.
Your flesh is very heat resistant. (rF++)
You are vulnerable to cold. (rC-)
You float through the air rather than walking.
You learn spells naturally, not from books.
Your magical power is your life essence.
You have superior vitality. (+4 MHP)


Message History

You begin with the following spells memorised: Sting, Poisonous Vapours, Mephitic Cloud, Olgreb's Toxic Radiance.
As you open the door, it creaks loudly!
There is an open door here.
Found a helmet.
You need no library to learn spells.
Cast which spell? (? or * to list)
Okay, then.
Unknown command.
b - a sedimented blue potion You see here a +0 helmet.
Found a sling.
A bat comes into view.
A bat is nearby!
A bat is nearby!
A bat is nearby!
A bat is nearby!
A bat is nearby!
A bat is nearby!
A bat is nearby!
A bat is nearby!
Unknown command.
Cast which spell? (? or * to list)
Aiming: Sting (safe; 8% risk of failure)
Press: ? - help, Shift-Dir - straight line, f - bat
Aim: a bat (asleep, 100% to hit)
The sting hits the bat.
The bat is poisoned.
The bat is heavily wounded.
The bat barely misses you.
Casting: Sting (safe; 8% risk of failure)
Confirm with . or Enter, or press ? or * to list all spells.
Aiming: Sting (safe; 8% risk of failure)
Press: ? - help, Shift-Dir - straight line, f/p - bat
Aim: a bat (heavily wounded, poisoned, 52% to hit)
The sting hits the bat.
The bat looks even sicker.
You kill the bat!
You reach down and open the door.
There is an open door here.
There is a staircase leading out of the dungeon here.
Are you sure you want to leave the Dungeon?
This will make you lose the game!
You have escaped!

.♣ #.# #♣# # ♣♣♣ #.#♣~♣#
####.# #... .....♣ #....#
♣... ....# #.# .
♣..#######..#♣##.##### ..
♣#..#.....#..##......).
...♣#...#.@...#....########
#.~.#..#.....'..#.♣
#...'.....#...♣♣
#..≈♣..#.....#..♣# #
♣..#######..#
##...........♣
#........[...#
######.#.♣#### ##.##


There were no monsters in sight!

Vanquished Creatures
  A bat (D:1)
1 creature vanquished.

Notes
Turn   | Place    | Note
-------+----------+-------------------------------------------
     0 | D:1      | Mune the Djinni Venom Mage began the quest for the Orb.
     0 | D:1      | Mune set off with the following spells memorised: Sting,
                  | Poisonous Vapours, Mephitic Cloud, Olgreb's Toxic Radiance.
     0 | D:1      | Reached XP level 1. HP: 15/15 MP: 0/0
    43 | D:$      | Got out of the dungeon alive.

Illustrated notes

Levels and vault maps discovered:
D:1:      saegor_arrival_under_anarchy, layout_basic

Action                   || total
-------------------------++-------
 Cast: Sting             ||     2
Dodge: Dodged            ||     1
